 Dungeon Crawl Stone Soup version 0.29-a0-304-gb34f9e1 (webtiles) character file.

Game seed: 13054942366433077238

64 Think the Cutter (level 4, -1/31 HPs)
             Began as an Octopode Fighter on Mar 26, 2022.
             Was a Follower of Vehumet.
             Slain by a gnoll
             ... wielding a +0 flail
              (11 damage)
             ... on level 2 of the Dungeon.
             The game lasted 00:04:08 (1319 turns).

Think the Cutter (Octopode Fighter)                 Turns: 1319, Time: 00:04:08

Health: -1/31      AC:  1    Str: 23    XL:     4   Next: 12%
Magic:  1/4        EV: 13    Int: 10    God:    Vehumet [*.....]
Gold:   68         SH:  4    Dex: 11    Spells: 2/3 levels left

rFire   . . .      SeeInvis .   a - +0 rapier
rCold   + . .      Faith    .   b - +0 buckler
rNeg    . . .      Spirit   .   (helmet restricted)
rPois   .          Reflect  .   (no amulet)
rElec   .          Harm     .   h - +6 ring of strength
rCorr   .          Rampage  .   c - ring of protection from cold
Will    .....                   (no ring)
Stlth   ++........              (no ring)
HPRegen 0.10/turn               (no ring)
MPRegen 0.09/turn               (no ring)
                                (no ring)
                                (no ring)

@: very slightly contaminated
A: almost no armour, amphibious, 8 rings, camouflage 1, gelatinous body 1,
(nimble swimmer 1), tentacles
a: Renounce Religion


You were on level 2 of the Dungeon.
You worshipped Vehumet.
Vehumet was aware of your devotion.
You visited 1 branch of the dungeon, and saw 2 of its levels.

You collected 68 gold pieces.

Inventory:

Hand Weapons
 a - a +0 rapier (weapon)
Armour
 b - a +0 buckler (worn)
Jewellery
 c - a ring of protection from cold (right tentacle)
 h - a +6 ring of strength (left tentacle)
Scrolls
 e - a scroll of immolation {unknown}
 g - a scroll of teleportation {unknown}
 i - a scroll of vulnerability
Potions
 f - a potion of attraction {unknown}
 j - a potion of mutation {unknown}


   Skills:
 - Level 3.0 Fighting
 + Level 4.3 Short Blades
 - Level 3.0 Dodging
 - Level 3.0 Shields


You had 2 spell levels left.
You knew the following spells:

 Your Spells              Type           Power      Damage    Failure   Level
a - Freeze                Ice            0%         1d3       45%         1

Your spell library contained the following spells:

 Spells                   Type           Power      Damage    Failure   Level
 Magic Dart               Conj           0%         1d3       45%         1
 Call Imp                 Summ           0%         N/A       58%         2
 Searing Ray              Conj           0%         2d4       58%         2
 Mephitic Cloud           Conj/Pois/Air  0%         N/A       83%         3
 Fulminant Prism          Conj/Hex       0%         3d6       99%         4


Dungeon Overview and Level Annotations

Branches:
Dungeon (2/15)

Altars:
Vehumet

Shops:
D:1 [[:[*


Innate Abilities, Weirdness & Mutations

You cannot wear most types of armour.
You are amphibious.
You can wear up to eight rings at the same time.
Your skin changes colour to match your surroundings (Stealth+).
Your rubbery body absorbs attacks. (AC +1, EV +1)
((You are camouflaged when in or above water. (Stealth+)))
You have tentacles for arms and can constrict up to eight enemies at once.


Message History

Aim: a gnoll, wielding a +0 club (moderately wounded)
You freeze the gnoll.
The gnoll is heavily wounded.
The gnoll hits you with a +0 club.
Casting: Freeze (safe; 45% risk of failure)
Confirm with . or Enter, or press ? or * to list all spells.
Aiming: Freeze (safe; 45% risk of failure)
Press: ? - help, Shift-Dir - straight line, f/p - gnoll
Aim: a gnoll, wielding a +0 club (heavily wounded)
You miscast Freeze.
Nothing appears to happen.
The gnoll hits you with a +0 club.
Casting: Freeze (safe; 45% risk of failure)
Confirm with . or Enter, or press ? or * to list all spells.
You don't have enough magic to cast this spell.
Unknown command.
You hit the gnoll. You grab the gnoll. You squeeze the gnoll.
You kill the gnoll!
Vehumet accepts your kill.
You have reached level 4!
You barely miss the gnoll. Your grab misses the gnoll.
The gnoll hits you with a +0 flail. The gnoll closely misses you.
You closely miss the gnoll. You grab the gnoll. You squeeze the gnoll.
The gnoll is heavily wounded.
You constrict the gnoll. The gnoll hits you with a +0 flail!
* * * LOW HITPOINT WARNING * * *
The gnoll barely misses you.
You release your grip on the gnoll.
Okay, then.
Okay, then.
It was a potion of heal wounds.
You feel much better. The gnoll hits you with a +0 flail.
The gnoll hits you from afar with a +0 halberd!
* * * LOW HITPOINT WARNING * * *
You feel much better. The gnoll hits you with a +0 flail!
The gnoll hits you from afar with a +0 halberd!
The gnoll attacks as you move away! The gnoll barely misses you.
The gnoll attacks as you move away! The gnoll barely misses you.
The gnoll attacks as you move away! The gnoll closely misses you.
The gnoll attacks as you move away! The gnoll hits you with a +0 flail!
You die...

#.#.#..........
#.... #.$<....#
####. ####.
#.......## # #. #.#
...# #. #.####..#
#. #.).g.g.# #####.
#######g# #.....
###g###.. #..###
#..@.##.. #...##
#.#.###... #.#.##
#.).....# #.....
#.#####.# ###.##
#.#####.# #.#
#....##.# #.#
#..)....# #.#
#..#.##.# #.#
#.......#########.#


You could see 3 gnolls.

Vanquished Creatures
  A gnoll (D:2)
  2 adders (D:2)
  A worm (D:2)
  A dart slug (D:2)
  6 endoplasms
  4 goblins
  4 hobgoblins (D:1)
  3 kobolds
  A quokka (D:2)
  4 bats
  A frilled lizard (D:1)
  A rat (D:2)
29 creatures vanquished.

Vanquished Creatures (others)
  3 plants (D:2)
3 creatures vanquished.

Grand Total: 32 creatures vanquished

Notes
Turn   | Place    | Note
-------+----------+-------------------------------------------
     0 | D:1      | Think the Octopode Fighter began the quest for the Orb.
     0 | D:1      | Reached XP level 1. HP: 16/16 MP: 1/1
   164 | D:1      | Found Xuraqit's Antique Armour Shop.
   179 | D:1      | Reached XP level 2. HP: 21/21 MP: 2/2
   347 | D:1      | Found Umasieru's Antique Armour Shop.
   360 | D:1      | Found Fot Othruk's Antique Armour Shop.
   436 | D:1      | Reached skill level 3 in Short Blades
   645 | D:1      | Found Yskiergh's Book Boutique.
   700 | D:1      | Found Zapne's General Store.
   875 | D:2      | Reached XP level 3. HP: 22/26 MP: 3/3
   899 | D:2      | Found a faded altar of an unknown god.
  1115 | D:2      | Prayed at the altar of an unknown god.
  1115 | D:2      | Became a worshipper of Vehumet
  1115 | D:2      | Reached * piety under Vehumet
  1115 | D:2      | Offered knowledge of Freeze by Vehumet.
  1118 | D:2      | Learned a level 1 spell: Freeze
  1142 | D:2      | Found Qarpher's Weapon Emporium.
  1218 | D:2      | Reached skill level 4 in Short Blades
  1309 | D:2      | Reached XP level 4. HP: 17/31 MP: 0/4
  1319 | D:2      | Slain by a gnoll

Illustrated notes

Levels and vault maps discovered:
D:1:      minmay_arrival_floating_metal, layout_basic, serial_shops, shop, shop,
          shop, nicolae_shop_behind_doors, nicolae_square_shop
D:2:      layout_loops_cross, shapermc_ecumenical_altar_mp_ritualfount,
          serial_shops, nicolae_shop_trees, minmay_misc_feat_tiny

Skill      XL: |  1  2  3 |
---------------+----------+-----
Short Blades   | 3 4 |  4.3
Fighting       | |  3.0
Dodging        | |  3.0
Shields        | |  3.0

Action                   |  1- 3 |  4- 6 || total
-------------------------+-------+-------++-------
Melee: Rapier            |    50 |     2 ||    52
       Constrict         |    14 |     1 ||    15
       Tentacles         |     8 |     1 ||     9
 Cast: Freeze            |     2 |       ||     2
  Use: Potion            |     1 |     2 ||     3
       Scroll            |     1 |       ||     1
 Stab: Sleeping          |    10 |       ||    10
Armor: Skin              |     5 |       ||     5
Dodge: Dodged            |    34 |     5 ||    39
Block: Buckler           |    10 |       ||    10

Table legend: (Time is in decaauts)
 A = Elapsed time spent in this place.
 B = Non-inter-level travel time spent in this place.
 C = Inter-level travel time spent in this place.
 D = Time resting spent in this place.
 E = Time spent auto-exploring this place.
 F = Levels seen in this place.
 G = Mean time per level.
                   A        B        C        D        E       F      G
               +--------+--------+--------+--------+--------+-----+--------+
         Total |   1321 |   1306 |     15 |    178 |    859 |   2 |  660.5 |
       Dungeon |   1321 |   1306 |     15 |    178 |    859 |   2 |  660.5 |
               +--------+--------+--------+--------+--------+-----+--------+

Top non-repeatable levels by time:
     D:1: 743 daAuts
     D:2: 578 daAuts
